 Dungeon Crawl Stone Soup version 0.19.4-8-ga85b6b9 (webtiles) character file.

17577 JeffiDaFish the Blocker (level 12, -13/77 HPs)
             Began as a Gargoyle Fighter on Feb 14, 2017.
             Was a High Priest of Makhleb.
             Killed from afar by Frances (61 damage)
             ... with an iron shot
             ... on level 12 of the Dungeon.
             The game lasted 00:31:18 (9590 turns).

JeffiDaFish the Blocker (Gargoyle Fighter)          Turns: 9590, Time: 00:31:19

Health: -13/77     AC: 36    Str: 32    XL:     12   Next: 49%
Magic:  0/16       EV: 10    Int:  9    God:    Makhleb [*****.]
Gold:   742        SH: 18    Dex: 19    Spells: 0 memorised, 17 levels left

rFire  . . .     SeeInvis .     A - +1 flail (protect)
rCold  + . .     Gourm    .     E - +0 plate armour (curse)
rNeg   + . .     Faith    .     c - +0 shield
rPois  ∞         Spirit   +     G - +1 hat {Spirit}
rElec  +         Reflect  .     H - +0 cloak
rCorr  .         Harm     .     x - +1 pair of gloves
MR     .....                    a - +0 pair of boots
Stlth  ..........               y - amulet of guardian spirit
                                B - ring "Tahien" {rPois rC+ Str+3 Dex+4 Stlth+}
                                v - +3 ring of strength

@: mighty, protection aura
A: large bone plates 1, agile 1, blink, negative energy resistance 1,
electricity resistance, unbreathing, petrification resistance, rot immunity, AC
+8
a: Blink, Minor Destruction, Lesser Servant of Makhleb, Major Destruction,
Greater Servant of Makhleb, Renounce Religion


You were on level 12 of the Dungeon.
You worshipped Makhleb.
Makhleb was extremely pleased with you.
You were hungry.

You visited 2 branches of the dungeon, and saw 13 of its levels.

You collected 742 gold pieces.

Inventory:

Hand Weapons
 A - a +1 flail of protection (weapon)
Armour
 a - a +0 pair of boots (worn)
 c - a +0 shield (worn)
 x - a +1 pair of gloves (worn)
 E - a cursed +0 plate armour (worn)
 G - a +1 hat of spirit shield (worn)
 H - a +0 cloak (worn)
Jewellery
 v - a +3 ring of strength (left hand)
 y - an amulet of guardian spirit (around neck)
 B - the ring "Tahien" (right hand) {rPois rC+ Str+3 Dex+4 Stlth+}
   (You found it on level 12 of the Dungeon)

   [ring of strength]

   It affects your strength (+3).
   It affects your dexterity (+4).
   It protects you from cold.
   It protects you from poison.
   It makes you more stealthy.
Scrolls
 b - a scroll of fear
 e - 6 scrolls of teleportation
 h - a scroll of recharging
 i - 3 scrolls of magic mapping
 l - 3 scrolls of identify
 n - a scroll of fog
 o - 6 scrolls of remove curse
 u - 2 scrolls of amnesia
Potions
 d - 2 potions of might
 j - 3 potions of curing
 p - 2 potions of ambrosia
 q - a potion of resistance
 s - 2 potions of haste
 C - 2 potions of agility
 D - a potion of brilliance
Books
 w - a book of Misfortune

   Spells                             Type                      Level
   a - Confusing Touch                Hexes                        1
   b - Confuse                        Hexes                        3
   c - Gell's Gravitas                Hexes/Translocation          3
   d - Petrify                        Transmutation/Earth          4
   e - Metabolic Englaciation         Hexes/Ice                    5
   f - Yara's Violent Unravelling     Hexes/Transmutation          5
Comestibles
 f - 11 bread rations
 g - 3 meat rations
 k - 19 fruits
 m - 3 beef jerkies
 t - 12 chunks of flesh
 z - 9 slices of pizza


   Skills:
 + Level 9.9 Fighting
 + Level 12.0 Maces & Flails
 + Level 10.0 Armour
 + Level 3.0 Dodging
 + Level 0.2 Stealth
 + Level 12.2 Shields
 + Level 3.3 Spellcasting


You had 17 spell levels left.
You didn't know any spells.

Dungeon Overview and Level Annotations

Branches:
Dungeon (12/15)            Temple (1/1) D:4            Lair (0/6) D:11
    Orc (0/2) D:10

Altars:
Ashenzari
Cheibriados
Dithmenos
Elyvilon
Fedhas
Gozag
Hepliaklqana
Makhleb
Nemelex Xobeh
Okawaru
Qazlal
Ru
Sif Muna
Trog
Vehumet
Xom
Yredelemnul
Zin
The Shining One

Annotations:
D:12 Frances


Innate Abilities, Weirdness & Mutations

You are resistant to torment.
Your stone body is resilient. (AC +8)
You are immune to poison.
You resist negative energy. (rN+)
You are resistant to electric shocks. (rElec)
You can survive without breathing.
You are immune to petrification.
You are immune to rotting.
You are partially covered in large bone plates. (SH +4)
You are agile. (Dex +2)
You can translocate small distances at will.


Message History

The ufetubus hits you but does no damage.
The ynoxinul hits you but does no damage.
You sock Frances!
Frances is lightly wounded.
Frances mutters in a terrible tongue.
The iron shot hits you! You block the ufetubus's attack. x3
The ufetubus hits you but does no damage. x3
Frances hits you but does no damage. The ufetubus completely misses you.
You block the ufetubus's attack.
You sock Frances!
Frances is moderately wounded.
You block the ufetubus's attack. x2
The ynoxinul gestures.
The ufetubus closely misses you. x2
The ufetubus hits you but does no damage.
You block the ufetubus's attack.
Frances mutters in a terrible tongue.
The iron shot hits you!
Ouch! That really hurt!
You die...

######### #.......# #.......#
#.......# #############.......#
#.........<..#5#######+
#............#5@55<....
#............+5@35.....
#............#...5.....
#............#..##..###
#....####....#..# ..#
#....+..#....#..# ...
#....#..+....#..+ ...
##....##.#....#+##########+###+##
...#####.####...................#


You could see Frances, a ynoxinul and 7 ufetubi.

Vanquished Creatures
  Gastronok (D:10)
  Erica (D:11)
  3 unseen horrors
  2 hill giants
  A cyclops (D:11)
  A centaur zombie (D:12)
  A gargoyle (D:11)
  4 centaur skeletons (D:11)
  A komodo dragon (D:12)
  2 trolls
  5 hippogriffs
  A wraith (D:10)
  A hill giant zombie (D:10)
  A wyvern (D:12)
  9 yaks (D:11)
  2 hungry ghosts (D:10)
  A human (D:9)
  3 water moccasins
  An ice beast (D:11)
  5 sky beasts
  5 orc warriors
  An eye of draining (D:10)
  A phantom (D:7)
  4 centaurs
  A crocodile (D:11)
  4 ogres
  4 big kobolds
  11 bullfrogs
  A wyvern skeleton (D:10)
  5 scorpions
  A troll zombie (D:10)
  6 killer bees (D:8)
  6 wights
  A howler monkey (D:5)
  9 crimson imps
  8 orc wizards
  Crazy Yiuf (D:3)
  6 hounds
  3 orc priests
  3 jellies
  Jessica (D:3)
  8 worker ants
  4 iguanas
  6 ogre zombies (D:10)
  A worker ant zombie (D:7)
  3 gnolls (D:7)
  12 adders
  A river rat (D:10)
  A shadow imp (D:12)
  An ooze (D:5)
  2 adder zombies
  5 worms
  10 dart slugs
  4 leopard geckos
  26 orcs
  10 giant cockroaches
  6 goblins
  9 hobgoblins
  10 jackals
  26 kobolds
  4 quokkas
  4 bats
  4 frilled lizards
  A goblin skeleton (D:10)
  2 goblin zombies (D:10)
  4 hobgoblin skeletons (D:10)
  2 hobgoblin zombies (D:10)
  2 jackal skeletons (D:5)
  2 orc skeletons (D:10)
  13 orc zombies (D:10)
  6 rats
  A plant (D:10)
318 creatures vanquished.

Notes
Turn   | Place    | Note
-------+----------+-------------------------------------------
     0 | D:1      | JeffiDaFish the Gargoyle Fighter began the quest for the Orb.
     0 | D:1      | Reached XP level 1. HP: 14/14 MP: 1/1
   148 | D:1      | Reached XP level 2. HP: 18/19 MP: 2/2
   500 | D:1      | Reached XP level 3. HP: 24/24 MP: 3/3
   974 | D:2      | Found a hazy altar of Hepliaklqana.
  1536 | D:3      | Reached XP level 4. HP: 29/29 MP: 4/4
  1645 | D:3      | Gained mutation: You are partially covered in large bone plates. (SH +4) [potion of mutation]
  1645 | D:3      | Gained mutation: You can translocate small distances at will. [potion of mutation]
  1645 | D:3      | Gained mutation: You are agile. (Dex +2) [potion of mutation]
  1899 | D:3      | Found a runed door.
  1903 | D:3      | Noticed Crazy Yiuf
  1911 | D:3      | HP: 1/29 [Crazy Yiuf/quarterstaff of chaos (4)]
  1913 | D:3      | Killed Crazy Yiuf
  1913 | D:3      | Reached skill level 1 in Dodging
  1913 | D:3      | Reached XP level 5. HP: 2/33 MP: 5/5
  2315 | D:3      | Noticed Jessica
  2325 | D:3      | Killed Jessica
  2647 | D:4      | Reached XP level 6. HP: 36/38 MP: 6/6
  2928 | D:4      | Reached skill level 5 in Shields
  2928 | D:4      | Reached XP level 7. HP: 43/43 MP: 7/7
  3123 | D:4      | Found a staircase to the Ecumenical Temple.
  3140 | Temple   | Entered the Ecumenical Temple
  3151 | Temple   | Became a worshipper of Makhleb the Destroyer
  3489 | D:5      | Entered Level 5 of the Dungeon
  3591 | D:5      | Reached skill level 5 in Maces & Flails
  3753 | D:5      | Reached skill level 5 in Armour
  3779 | D:5      | Reached XP level 8. HP: 48/48 MP: 8/8
  3799 | D:5      | Found a radiant altar of Vehumet.
  3907 | D:5      | Reached * piety under Makhleb
  4304 | D:6      | Reached skill level 5 in Fighting
  4424 | D:6      | Found an opulent altar of Gozag.
  4549 | D:6      | Found a stormy altar of Qazlal.
  4561 | D:6      | Found a glowing golden altar of the Shining One.
  4884 | D:7      | You fall through a shaft for 2 floors!
  4885 | D:9      | Found a sacrificial altar of Ru.
  5025 | D:8      | Noticed a hippogriff
  5036 | D:8      | Killed a hippogriff
  5130 | D:8      | Reached XP level 9. HP: 54/54 MP: 9/9
  5194 | D:7      | Reached XP level 10. HP: 64/64 MP: 4/14
  6094 | D:8      | Reached ** piety under Makhleb
  6126 | D:8      | Found a glowing silver altar of Zin.
  6271 | D:8      | Reached skill level 10 in Shields
  6453 | D:8      | Found a basalt altar of Yredelemnul.
  6454 | D:8      | Found a shadowy altar of Dithmenos.
  7199 | D:10     | Entered Level 10 of the Dungeon
  7257 | D:10     | Reached *** piety under Makhleb
  7287 | D:10     | Reached skill level 10 in Maces & Flails
  7316 | D:10     | Reached XP level 11. HP: 69/69 MP: 15/15
  7346 | D:10     | Noticed Gastronok
  7383 | D:10     | Killed Gastronok
  7491 | D:10     | Found a staircase to the Orcish Mines.
  7654 | D:10     | Reached **** piety under Makhleb
  7907 | D:10     | Killed an unseen horror
  8224 | D:11     | Killed an unseen horror
  8364 | D:11     | Found a staircase to the Lair.
  8399 | D:11     | Noticed a cyclops
  8417 | D:11     | Killed a cyclops
  8524 | D:11     | Noticed Erica
  8552 | D:11     | Killed Erica
  8552 | D:11     | Reached XP level 12. HP: 53/76 MP: 12/16
  8579 | D:11     | Reached ***** piety under Makhleb
  9007 | D:11     | Found an opulent altar of Gozag.
  9434 | D:12     | Reached skill level 10 in Armour
  9514 | D:12     | Got a flickering copper ring
  9522 | D:12     | Identified the ring "Tahien" {rPois rC+ Str+3 Dex+4 Stlth+} (You found it on level 12 of the Dungeon)
  9580 | D:12     | Noticed Frances
  9590 | D:12     | Killed from afar by Frances

Skill      XL: |  1  2  3  4  5  6  7  8  9 10 11 12 |
---------------+-------------------------------------+-----
Maces & Flails | 3 4 5 6 9 10 11 12 | 12.0
Shields        | 4 5 7 9 10 11 12 | 12.2
Fighting       | 4 5 8 9 |  9.9
Dodging        | 1 2 3 |  3.0
Armour         | 4 5 8 9 10 | 10.0
Spellcasting   | 3 |  3.3
Stealth        | |  0.2

Action                   |  1- 3 |  4- 6 |  7- 9 | 10-12 || total
-------------------------+-------+-------+-------+-------++-------
Melee: Flail             |   138 |   178 |   299 |  1077 ||  1692
  Use: Potion            |     4 |     1 |     4 |     7 ||    16
       Scroll            |     3 |     3 |     7 |     4 ||    17
  Eat: Chunk             |     2 |     5 |     8 |    18 ||    33
       Royal jelly       |       |       |       |     1 ||     1
Armor: Scale mail        |    74 |   130 |    43 |       ||   247
       Chain mail        |       |       |    88 |   199 ||   287
       Plate armour      |       |       |       |   329 ||   329
Dodge: Dodged            |    26 |    61 |    59 |   173 ||   319
Block: Shield            |    81 |   151 |   226 |   690 ||  1148
